 Dungeon Sprint DCSS version 0.30-a0-715-gdb4ae3ece1 (webtiles) character file.

Game seed: 11065980929697002904

12 rocky1 the Ruffian (level 4, -5/36 HPs)
             Began as a Draconian Transmuter on Jan 24, 2023.
             Was an Initiate of Sif Muna.
             Slain by a gnoll
             ... wielding a +0 club
              (6 damage)
             ... in the Dungeon (Sprint VI: "Thunderdome").
             The game lasted 00:02:38 (224 turns).

rocky1 the Ruffian (Draconian Transmuter)            Turns: 224, Time: 00:02:39

Health: -5/36      AC:  5    Str: 12    XL:     4   Next: 41%
Magic:  6/10       EV: 12    Int: 16    God:    Sif Muna [......]
Gold:   220        SH:  0    Dex: 11    Spells: 7/11 levels left

rFire   . . .      SeeInvis .      - Unarmed
rCold   . . .      Faith    .    (no shield)
rNeg    . . .      Spirit   .    (body armour unavailable)
rPois   .          Reflect  .    (helmet currently unavailable)
rElec   .          Harm     .    (no cloak)
rCorr   .          Rampage  .    (no gloves)
Will    .....      NoTele   +    (boots currently unavailable)
Stlth   +                        (no amulet)
HPRegen 0.26/turn                (no ring)
MPRegen 0.12/turn                (no ring)

@: appendages, on berserk cooldown, slowed, very slow
A: horns 2, talons 2, AC +5, unfitting armour, cold-blooded
a: End Transformation, Renounce Religion


You were in the Dungeon.
You worshipped Sif Muna.
Sif Muna was noncommittal.
You had temporarily grown beastly horns and talons.
You visited 1 branch You collected 220 gold pieces.

Inventory:

Wands
 i - a wand of light (5)
 j - a wand of iceblast (5)
Scrolls
 g - 4 scrolls of blinking
 k - 3 scrolls of fog
Potions
 a - a potion of lignification
 b - a potion of curing
 c - 3 potions of heal wounds
 d - 4 potions of haste
 e - a potion of magic
 f - a potion of ambrosia {unknown}
 h - a potion of resistance


   Skills:
 + Level 1.6 Fighting
 + Level 3.5 Dodging
 + Level 6.7 Unarmed Combat
 + Level 4.0 Spellcasting
 + Level 3.8 Transmutations
 + Level 0.2 Poison Magic


You had 7 spell levels left.
You knew the following spells:

 Your Spells              Type           Power      Damage    Failure   Level
a - Beastly Appendage     Tmut           30%        N/A       3%          1
b - Spider Form           Tmut/Pois      9%         N/A       22%         3

Your spell library contained the following spells:

 Spells                   Type           Power      Damage    Failure   Level
 Wereblood                Tmut           15%        N/A       5%          2
 Ice Form                 Ice/Tmut       9%         N/A       58%         4


Dungeon Overview and Level Annotations

Branches:
Dungeon (1/1)

Altars:
Cheibriados
Dithmenos
Fedhas
Gozag
Kikubaaqudgha
Makhleb
Okawaru
Qazlal
Ru
Sif Muna
Trog
Uskayaw
Vehumet
Wu Jian
Xom
Yredelemnul
Zin
The Shining One
Lugonu

Shops:
D *[??*?*:[((!!!!


Innate Abilities, Weirdness & Mutations

You have temporarily grown beastly horns and talons.
Your plain brown scales are hard. (AC +5)
You cannot fit into any form of body armour.
You are cold-blooded and may be slowed by cold attacks.


Message History

Your magical contamination has completely faded away.
A gnoll is nearby!
The gnoll shouts!
A gnoll bouda comes into view. It is wielding a +0 club.
The gnoll bouda barks out a call to the hunt!
The gnoll picks up the pace!
Casting: Spider Form (quite dangerous; 22% risk of failure)
Confirm with . or Enter, or press ? or * to list all spells.
You grow a pair of large bovine horns.
Your feet morph into talons.
The gnoll misses you.
You are too injured to fight recklessly!
You hit the gnoll.
The gnoll is lightly wounded.
The gnoll closely misses you.
You barely miss the gnoll. You claw the gnoll.
Your tail-slap misses the gnoll.
The gnoll is moderately wounded.
The gnoll closely misses you.
You barely miss the gnoll. You claw the gnoll, but do no damage.
Your headbutt misses the gnoll.
The gnoll is moderately wounded.
The gnoll hits you but does no damage.
The gnoll bouda calls upon its god to heal the gnoll.
The gnoll's wounds heal themselves!
The gnoll closely misses you.
You hit the gnoll.
The gnoll is lightly wounded.
The gnoll bouda calls upon its god to heal the gnoll.
The gnoll's wounds heal themselves!
The gnoll hits you but does no damage.
You barely miss the gnoll. You claw the gnoll. Your headbutt misses the gnoll.
The gnoll is heavily wounded.
The gnoll bouda closely misses you. The gnoll barely misses you.
The gnoll bouda hits you with a +0 club!
* * * LOW HITPOINT WARNING * * *
The gnoll hits you with a +0 club.
* * * LOW HITPOINT WARNING * * *
You barely miss the gnoll.
The gnoll is heavily wounded.
The gnoll bouda hits you with a +0 club.
* * * LOW HITPOINT WARNING * * *
The gnoll hits you with a +0 club.
You die...

#.....# ##.....## ##∩.....∩##
#∩.......∩# #_......._#
#_......._# #........_#
###..gg.....### #⌠....@......⌠#
######.8.).......8.######
##..__...[..###......__.∩##
###∩........8.# #.8........∩###
#.............###.............#
⌠........).###...###.)........⌠
⌠..........# #.<.# #..........⌠
⌠..........###...###..........⌠
#.......†)....###.............#


You could see a gnoll bouda and a gnoll (swift).

Vanquished Creatures
  Crazy Yiuf (D)
  Jessica (D)
  Terence (D)
  A gnoll (D)
  A worm (D)
  A ball python (D)
  A kobold (D)
7 creatures vanquished.

Notes
Turn   | Place    | Note
-------+----------+-------------------------------------------
     0 | D        | rocky1 the Draconian Transmuter began the quest for the
                  | Orb.
     0 | D        | Reached XP level 1. HP: 16/16 MP: 3/3
     4 | D        | Found a shimmering altar of Xom.
     4 | D        | Found a shimmering blue altar of Sif Muna.
     5 | D        | Found a basalt altar of Yredelemnul.
     5 | D        | Found an iron altar of Okawaru.
     5 | D        | Round 1.
     6 | D        | Found a corrupted altar of Lugonu.
     6 | D        | Found a stormy altar of Qazlal.
     7 | D        | Found a radiant altar of Vehumet.
     7 | D        | Found Sequchy's Staff Store.
     7 | D        | Found Rast's Magic Scroll Shop.
     8 | D        | Found Jeosh's Must-Have Magic.
     8 | D        | Found Hoahayt's Magic Scroll Shop.
    13 | D        | Found a bloodstained altar of Trog.
    14 | D        | Found an ancient bone altar of Kikubaaqudgha.
    14 | D        | Noticed Terence
    21 | D        | Killed Terence
    22 | D        | Reached skill level 5 in Unarmed Combat
    22 | D        | Reached XP level 2. HP: 23/23 MP: 3/6
    23 | D        | Found Uceeqi Arego's Jewellery.
    23 | D        | Found Tujuad's Advanced Armour.
    28 | D        | Found a hide-covered altar of Uskayaw.
    28 | D        | Found a snail-covered altar of Cheibriados.
    28 | D        | Found Utzow's Identification Station.
    47 | D        | Found a burning altar of Makhleb.
    48 | D        | Found a blossoming altar of Fedhas.
    49 | D        | Found a glowing silver altar of Zin.
    63 | D        | Reached XP level 3. HP: 16/28 MP: 7/7
    64 | D        | Found Qyfrax's Premium Goods.
    66 | D        | Found an ornate altar of the Wu Jian Council.
    66 | D        | Found an opulent altar of Gozag.
    66 | D        | Found a sacrificial altar of Ru.
    66 | D        | Found Dymitz's Weapon Rack.
    67 | D        | Found Ethroext's Miscellaneous Merchandise.
    67 | D        | Found Bop Nov's Basic Armour.
    71 | D        | Found a shadowy altar of Dithmenos.
    73 | D        | Found a glowing golden altar of the Shining One.
    74 | D        | Found Qiddeut's Do-It-Yourself Clinic.
    76 | D        | Found Tud Quxi's Bottled Wisdom.
    76 | D        | Found Yhumo's Distillery.
    81 | D        | Found Womoluse's Distillery.
    83 | D        | Noticed Jessica
    96 | D        | Killed Jessica
    96 | D        | Arena points: 12 (+12) [x2]
    97 | D        | Reached skill level 6 in Unarmed Combat
   109 | D        | Became a worshipper of Sif Muna the Loreminder
   137 | D        | Round 2.
   140 | D        | Learned a level 3 spell: Spider Form
   175 | D        | Reached XP level 4. HP: 24/35 MP: 2/9
   191 | D        | Noticed Crazy Yiuf
   200 | D        | HP: 1/35 [Crazy Yiuf/+4 quarterstaff of chaos (5)]
   203 | D        | Killed Crazy Yiuf
   224 | D        | HP: 1/36 [gnoll bouda/+0 club (3)]
   224 | D        | Slain by a gnoll

Illustrated notes

Levels and vault maps discovered:
D:        arena_sprint

Skill      XL: |  1  2  3  4 |
---------------+-------------+-----
Dodging        | 2 3 |  3.5
Unarmed Combat | 5 6 |  6.7
Spellcasting   | 3 4 |  4.0
Transmutations | 3 |  3.8
Fighting       | |  1.6
Poison Magic   | |  0.2

Action                     |  1- 3 |  4- 6 || total
---------------------------+-------+-------++-------
  Melee: Unarmed           |    21 |    10 ||    31
         Kick              |     2 |     3 ||     5
         Headbutt          |     3 |       ||     3
         Tailslap          |     1 |       ||     1
   Cast: Beastly Appendage |     3 |     1 ||     4
         Spider Form       |     1 |     1 ||     2
    Use: Potion            |     1 |     2 ||     3
 Armour: Skin              |     3 |     2 ||     5
  Dodge: Dodged            |     6 |     7 ||    13

Table legend: (Time is in decaauts)
 A = Elapsed time spent in this place.
 B = Non-inter-level travel time spent in this place.
 C = Inter-level travel time spent in this place.
 D = Time resting spent in this place.
 E = Time spent auto-exploring this place.
 F = Levels seen in this place.
 G = Mean time per level.
                   A        B        C        D        E       F      G
               +--------+--------+--------+--------+--------+-----+--------+
         Total |    237 |    237 |      0 |     40 |      0 |   1 |  237.0 |
       Dungeon |    237 |    237 |      0 |     40 |      0 |   1 |  237.0 |
               +--------+--------+--------+--------+--------+-----+--------+

Top non-repeatable levels by time:
       D: 237 daAuts
